 Dungeon Crawl Stone Soup version 0.23.2-1-ga50397a (webtiles) character file.

Game seed: 1418579518492373158

47 diana the Ducker (level 3, -2/28 HPs)
             Began as a Demonspawn Gladiator on May 3, 2019.
             Slain by a worm (7 damage)
             ... on level 2 of the Dungeon.
             The game lasted 00:01:12 (1039 turns).

diana the Ducker (Demonspawn Gladiator)             Turns: 1039, Time: 00:01:13

Health: -2/28      AC:  4    Str: 15    XL:     3   Next: 48%
Magic:  3/3        EV: 10    Int:  9    God:
Gold:   50         SH: 12    Dex: 14    Spells: 2/2 levels left

rFire    . . .     SeeInvis .   a - +0 long sword
rCold    . . .     Gourm    .   p - +2 large shield
rNeg     . . .     Faith    .   b - +0 leather armour
rPois    .         Spirit   .   c - +0 helmet
rElec    .         Reflect  .   (no cloak)
rCorr    .         Harm     .   (no gloves)
MR       .....                  (no boots)
Stlth    +.........             (no amulet)
HPRegen  0.09/turn              (no ring)
MPRegen  0.08/turn              (no ring)

@: no status effects
A: repulsion field 1
a: no special abilities


You were on level 2 of the Dungeon.
You were hungry.

You visited 1 branch of the dungeon, and saw 2 of its levels.

You collected 50 gold pieces.

Inventory:

Hand Weapons
 a - a +0 long sword (weapon)
Missiles
 d - 3 throwing nets (quivered)
Armour
 b - a +0 leather armour (worn)
 c - a +0 helmet (worn)
 p - a +2 large shield (worn)
Jewellery
 l - an uncursed ring of stealth {unknown}
Scrolls
 e - a scroll of noise {unknown}
 h - a scroll of amnesia {unknown}
 j - a scroll of enchant weapon {unknown}
 o - a scroll of immolation {unknown}
Potions
 g - a potion of haste {unknown}
 i - a potion of ambrosia {unknown}
 k - 2 potions of heal wounds {unknown}
 m - a potion of brilliance {unknown}
 n - a potion of lignification {unknown}
Comestibles
 f - 3 rations


   Skills:
 + Level 2.4 Fighting
 + Level 3.0 Long Blades
 - Level 1.7 Throwing
 * Level 1.6 Armour
 + Level 3.0 Dodging


You had 2 spell levels left.
You didn't know any spells.
Your spell library was empty.

Dungeon Overview and Level Annotations

Branches:
Dungeon (2/15)

Altars:
Fedhas
Uskayaw


Innate Abilities, Weirdness & Mutations

You are surrounded by a mild repulsion field. (EV +2)


Message History

You are too injured to fight recklessly!
You barely miss the worm.
The worm is heavily wounded.
The worm bites you but does no damage.
You hit the worm.
The worm is heavily wounded.
You hit the worm but do no damage.
The worm is heavily wounded.
You block the worm's attack.
You hit the worm but do no damage.
The worm is heavily wounded.
You block the worm's attack.
You hit the worm.
The worm is heavily wounded.
The worm bites you.
* * * LOW HITPOINT WARNING * * *
You slash the worm!
The worm is almost dead.
The worm bites you!
You die...

..#.######..... #.#.# ##.....
#.#####....## ###.#.####..
#.##....8..._ ###...#.##...
#..#.........) ............#
#..#......8)...
........##..##...............
.........w....#.......8....
#......##@...##...........
#(..........## ##........#
##....#..##.## ########..
#....#...#..##### ###
##...............### #
####..##..............#
#............>....PPP.#
#................PPPPP#
#.....[..........PP_PP#


You could see a worm.

Vanquished Creatures
  A gnoll (D:1)
  2 dart slugs (D:1)
  A leopard gecko (D:1)
  3 giant cockroaches
  4 hobgoblins
  2 jackals (D:1)
  2 ball pythons
  4 bats (D:1)
  4 goblins (D:1)
  7 kobolds
  4 rats
34 creatures vanquished.

Notes
Turn   | Place    | Note
-------+----------+-------------------------------------------
     0 | D:1      | diana the Demonspawn Gladiator began the quest for the Orb.
     0 | D:1      | Reached XP level 1. HP: 16/16 MP: 1/1
    62 | D:1      | Gained mutation: You are surrounded by a mild repulsion
                  | field. (EV +2) [demonic ancestry]
    62 | D:1      | Reached XP level 2. HP: 11/22 MP: 2/2
   237 | D:1      | Reached skill level 1 in Armour
   427 | D:1      | Reached XP level 3. HP: 27/27 MP: 3/3
   944 | D:2      | Found a hide-covered altar of Uskayaw.
  1015 | D:2      | Found a blossoming altar of Fedhas.
  1039 | D:2      | Slain by a worm

Skill      XL: |  1  2  3 |
---------------+----------+-----
Armour         | 1 |  1.6
Dodging        | 3 |  3.0
Long Blades    | 3 |  3.0
Fighting       | |  2.4
Throwing       | |  1.7

Action                   || total
-------------------------++-------
Melee: Long sword        ||    85
 Stab: Sleeping          ||     1
Armor: Leather armour    ||    19
Dodge: Dodged            ||    62
Block: Large shield      ||     2
       Rpst.: Long sword ||    19
